 Dungeon Crawl Stone Soup version 0.20-a0-899-g09a9bfb (webtiles) character file.

332 4thArraOfDagon the Fighter (level 6, -5/56 HPs)
             Began as a Barachi Hunter on Mar 18, 2017.
             Shot with an arrow by a centaur (7 damage)
             ... on level 7 of the Dungeon.
             The game lasted 00:02:30 (546 turns).

4thArraOfDagon the Fighter (Barachi Hunter)          Turns: 546, Time: 00:02:31

Health: -5/56      AC:  6    Str: 14    XL:     6   Next: 52%
Magic:  15/15      EV: 11    Int: 13    God:
Gold:   77         SH:  0    Dex: 12    Spells: 5/5 levels left

rFire    . . .     SeeInvis .   a - +1 hand crossbow
rCold    + . .     Gourm    .   i - +0 ring mail
rNeg     . . .     Faith    .   (no shield)
rPois    .         Spirit   .   (no helmet)
rElec    .         Reflect  .   (no cloak)
rCorr    .         Harm     .   (no gloves)
MR       .....                  k - +0 pair of boots
Stlth    +.........             (no amulet)
Regen    0.2/turn               p - ring of magical power
MPRegen  0.2/turn               l - ring of protection from cold

@: slow
A: +LOS, swims, slowness 1, strong legs 1
a: Hop


You were on level 7 of the Dungeon.
You were not hungry.

You visited 1 branch of the dungeon, and saw 7 of its levels.

You collected 77 gold pieces.

Inventory:

Hand Weapons
 a - a +1 hand crossbow (weapon)
 b - a +0 short sword
Missiles
 d - 47 bolts (quivered)
Armour
 c - a +0 leather armour
 i - a +0 ring mail (worn)
 k - a +0 pair of boots (worn)
Jewellery
 l - a ring of protection from cold (left hand)
 p - a ring of magical power (right hand)
Scrolls
 e - a scroll of enchant weapon {unknown}
 g - 3 scrolls of identify {unknown}
 h - a scroll of teleportation {unknown}
 j - a scroll of fog {unknown}
 n - a scroll of blinking {unknown}
Potions
 m - a potion of haste {unknown}
 o - a potion of curing {unknown}
Comestibles
 f - a bread ration


   Skills:
 + Level 8.1 Fighting
 - Level 4.0 Crossbows
 - Level 2.1 Dodging
 - Level 0.8 Stealth


You had 5 spell levels left.
You didn't know any spells.

Dungeon Overview and Level Annotations

Branches:
Dungeon (7/15)
 Temple: D:4-7

Altars:
Elyvilon
Zin
The Shining One


Innate Abilities, Weirdness & Mutations

Shadows flee at your approach. (+LOS)
You can swim through water.
You cover ground slowly.
You can hop short distances.


Message History

You are too injured to fight recklessly!
You are too injured to fight recklessly!
Firing (i - inventory):
d - 49 bolts (quivered)
Press: ? - help, Shift-Dir - straight line, f/p - centaur
Aim: a centaur, wielding a shortbow (heavily wounded)
You shoot a bolt. The bolt hits the centaur.
The centaur is severely wounded.
The centaur shoots an arrow.
The arrow hits you!
* * * LOW HITPOINT WARNING * * *
The centaur shoots an arrow.
The arrow hits you.
* * * LOW HITPOINT WARNING * * *
Unknown command.
Firing (i - inventory):
d - 48 bolts (quivered)
Press: ? - help, Shift-Dir - straight line, f/p - centaur
Aim: a centaur, wielding a shortbow (severely wounded)
You shoot a bolt.
The bolt hits the centaur but does no damage.
The centaur is severely wounded.
The centaur shoots an arrow.
The arrow hits you!
You die...

..(#....###
.+#.##.c....?...
#..........#....
#.$.............
#.... ....>.....
#.#.. ....<.....
#....##......... #
#...............
...#......@.......#
...............#...
........<......#
.......#..........
...... ......#.#..#
..... .........# .#
.... ..#....##.# #
... ...#....# ## #.
#+#.##...#


You could see a centaur.

Vanquished Creatures
  An ice beast (D:5)
  A necrophage (D:5)
  A bullfrog (D:6)
  A bullfrog skeleton (D:6)
  A worker ant (D:6)
  3 adders
  2 dart slugs
  3 leopard geckos
  An orc (D:3)
  2 goblins
  A hobgoblin (D:3)
  A jackal (D:6)
  2 quokkas
  A frilled lizard (D:2)
  A rat (D:3)
22 creatures vanquished.

Notes
Turn   | Place    | Note
-------+----------+-------------------------------------------
     0 | D:1      | 4thArraOfDagon the Barachi Hunter began the quest for the Orb.
     0 | D:1      | Reached XP level 1. HP: 17/17 MP: 1/1
    23 | D:1      | You fall through a shaft!
    30 | D:2      | Reached skill level 3 in Fighting
    30 | D:2      | Reached XP level 2. HP: 22/24 MP: 2/2
   127 | D:3      | Reached skill level 4 in Fighting
   127 | D:3      | Reached XP level 3. HP: 20/30 MP: 3/3
   190 | D:3      | Found a white marble altar of Elyvilon.
   190 | D:3      | Found a glowing golden altar of the Shining One.
   190 | D:3      | Found a glowing silver altar of Zin.
   300 | D:5      | Entered Level 5 of the Dungeon
   300 | D:5      | Noticed a necrophage
   305 | D:5      | Killed a necrophage
   305 | D:5      | Reached skill level 6 in Fighting
   305 | D:5      | Reached XP level 4. HP: 38/40 MP: 4/4
   305 | D:5      | Reached XP level 5. HP: 43/46 MP: 5/5
   306 | D:5      | Noticed an ice beast
   322 | D:5      | Killed an ice beast
   322 | D:5      | Reached skill level 7 in Fighting
   440 | D:6      | Reached XP level 6. HP: 28/55 MP: 6/6
   513 | D:6      | Reached skill level 8 in Fighting
   545 | D:7      | HP: 1/56 [centaur/arrow (5)]
   546 | D:7      | Shot with an arrow by a centaur

Vault maps used:
D:1:      grunt_arrival_lava_bath
D:2:      first_bread, serial_park_tiny_2, uniq_crazy_yiuf_cottage
D:3:      good_gods_mini_temple, gammafunk_temple_overflow_claw,
          xom_butterflies, lemuel_round_altar, kennysheep_generic_room_3
D:4:      okawaru_gym_becter, kennysheep_opposing_triangles, uniq_duvessa
D:5:      black_bear_nest_1, lemuel_coloured_pillars_altar
D:6:      kennysheep_slugbush, lemuel_round_altar
D:7:      minmay_temple_entry_trees, serial_curves, eino_curves_03,
          eino_curves_02, nicolae_lava_and_water

Skill      XL: |  1  2  3  4  5  6 |
---------------+-------------------+-----
Fighting       | 3 4 6 7 8 |  8.1
Crossbows      | |  4.0
Dodging        | |  2.1
Stealth        | |  0.8

Action                   |  1- 3 |  4- 6 || total
-------------------------+-------+-------++-------
 Fire: Hand crossbow     |    35 |    48 ||    83
 Abil: Hop               |       |     1 ||     1
Armor: Ring mail         |     4 |    13 ||    17
Dodge: Dodged            |     7 |    17 ||    24
